Map: Acid Plant LE

Players

FitzC - Winner!

  • Race: Terran Terran
  • League: Master
  • Spawn Location: 5:00

siao

  • Race: Zerg Zerg
  • League: Master
  • Spawn Location: 11:00

VOD

Have the link to the VOD?

Description

Time

  • Played on: June 1, 2018, 12:30 p.m.
  • Length: 10:16
Show
View Real Time Build Order
Export as new Build Order

FitzC Terran - Winner!

Build Orders: Liberator Opening, Reaper Expand, Bio Tank 

Get SALT Encoding   

  12  0:00  SCV  
  13  0:12  SCV  
  14  0:17  Supply Depot  
  14  0:24  SCV  
  15  0:39  SCV  
  15  0:40  Barracks  
  16  0:43  Refinery  
  16  0:51  SCV  
  17  1:03  SCV  
  18  1:15  SCV  
  19  1:27  Orbital Command, Reaper  
  20  1:39  Command Center  
  20  1:49  Supply Depot  
  20  1:54  SCV  
  20  1:59  Marine  
  22  2:06  SCV  
  22  2:07  Factory  
  23  2:12  Refinery  
  23  2:20  Barracks Reactor  
  23  2:23  SCV  
  24  2:35  SCV  
  25  2:47  SCV  
  26  2:52  Orbital Command  
  25  3:06  SCV  
  25  3:08  Starport  
  25  3:12  Hellion x2, Barracks Tech Lab  
  30  3:18  SCV  
  30  3:19  Supply Depot, SCV  
  32  3:29  Liberator  
  32  3:30  SCV  
  32  3:31  SCV  
  32  3:32  Marine  
  32  3:33  Hellion x2  
  39  3:35  Stimpack  
  39  3:41  Supply Depot  
  39  3:42  SCV  
  39  3:43  SCV  
  44  3:54  Hellion  
  44  3:55  Hellion, SCV x2  
  49  3:58  Marine  
  51  4:05  Supply Depot  
  51  4:07  SCV  
  51  4:08  SCV  
  53  4:16  Marine  
  54  4:20  SCV  
  54  4:21  SCV  
  56  4:28  Command Center  
  56  4:29  Factory Tech Lab  
  56  4:36  Barracks, SCV x2  
  58  4:39  Barracks  
  56  4:50  SCV  
  56  4:51  Marine, SCV, Siege Tank  
  60  5:06  SCV x2  
  58  5:09  Marine  
  58  5:10  Starport Reactor, Refinery x2  
  55  5:19  Engineering Bay  
  55  5:20  SCV x2  
  57  5:21  Engineering Bay  
  57  5:27  Barracks Reactor  
  57  5:28  Siege Tank  
  60  5:32  SCV  
  58  5:36  Combat Shields  
  58  5:37  Marine x3  
  58  5:39  SCV  
  58  5:42  Supply Depot  
  62  5:43  Orbital Command, Supply Depot  
  62  5:46  Medivac x2  
  66  5:51  Terran Infantry Weapons Level 1  
  66  5:52  SCV x2  
  66  5:55  Marine x3  
  71  6:01  Terran Infantry Armor Level 1  
  71  6:04  Supply Depot  
  71  6:06  Marine x2, Supply Depot  
  71  6:08  SCV x2  
  75  6:15  Marine x3  
  78  6:21  Orbital Command  
  78  6:28  Marine x2  
  78  6:29  Medivac, Siege Tank  
  78  6:30  Medivac  
  87  6:33  Marine  
  88  6:40  Refinery  
  88  6:42  Marine x2  
  88  6:46  Supply Depot  
  90  6:47  Supply Depot, SCV  
  90  6:48  Supply Depot, SCV x2  
  90  6:49  Refinery, Supply Depot  
  90  6:50  Supply Depot  
  93  6:59  SCV  
  93  7:00  Marine x3, SCV x2  
  93  7:01  Marine x2  
  99  7:02  Siege Tank  
  104  7:08  Medivac  
  104  7:09  Armory, Medivac  
  104  7:12  SCV x3  
  111  7:19  Marine x2  
  111  7:20  Marine x3  
  116  7:27  SCV x3  
  119  7:37  Command Center  
  119  7:40  Marine x3  
  119  7:41  Marine x2, Siege Tank  
  119  7:43  Medivac x2  
  131  7:58  Marine x3  
  134  8:15  Barracks  
  134  8:16  Barracks, Marine x3  
  134  8:17  Marine, Siege Tank  
  134  8:18  Medivac  
  134  8:19  Factory  
  123  8:34  Marine x3  
  123  8:35  Marine x2  
  123  8:36  Medivac  
  130  8:48  Medivac  
  132  8:50  Siege Tank  
  135  9:04  Marine x3  
  135  9:05  Marine x2  
  135  9:07  Barracks Reactor x2  
  135  9:08  Factory Tech Lab  
  140  9:19  Medivac x2  
  140  9:22  Marine x5  
  149  9:25  Barracks  
  149  9:29  Barracks x2  
  149  9:30  Barracks  
  149  9:38  Supply Depot x2  
  149  9:39  Supply Depot  
  149  9:40  Marine x2, Siege Tank x2  
Show
View Real Time Build Order
Export as new Build Order

siao Zerg 

Build Orders: Hatch First 

Get SALT Encoding   

  12  0:00  Drone  
  13  0:13  Overlord  
  13  0:17  Drone  
  14  0:31  Drone x2  
  16  0:36  Drone  
  17  0:52  Hatchery  
  17  0:57  Drone  
  17  0:58  Drone  
  18  1:11  Extractor  
  17  1:13  Spawning Pool  
  17  1:17  Drone  
  17  1:20  Drone  
  18  1:29  Drone  
  19  1:40  Overlord  
  19  2:00  Queen  
  22  2:01  Zergling x4  
  22  2:04  Queen  
  22  2:05  Drone  
  26  2:12  Drone, Metabolic Boost  
  27  2:16  Drone  
  28  2:24  Drone  
  29  2:33  Spore Crawler  
  28  2:37  Drone  
  28  2:47  Hatchery  
  28  2:49  Pneumatized Carapace, Drone  
  29  2:54  Drone  
  29  2:55  Drone  
  31  3:00  Spore Crawler  
  30  3:09  Queen  
  30  3:11  Overlord  
  33  3:14  Drone x2  
  33  3:18  Overlord  
  35  3:26  Overlord  
  35  3:32  Queen  
  35  3:33  Drone  
  38  3:35  Drone  
  38  3:37  Drone  
  40  3:42  Drone  
  40  3:43  Drone x2  
  43  3:58  Drone x8  
  51  4:04  Queen  
  53  4:11  Overlord  
  53  4:23  Queen  
  55  4:26  Drone  
  55  4:27  Drone x5  
  61  4:31  Evolution Chamber  
  61  4:35  Evolution Chamber  
  59  4:38  Drone  
  59  4:39  Queen  
  59  4:41  Zergling x2  
  56  4:46  Zergling x10  
  56  4:47  Zergling x2  
  56  4:48  Zergling x2  
  56  4:50  Zergling x2  
  45  5:16  Drone x6  
  51  5:29  Drone  
  51  5:30  Drone x3  
  54  5:43  Zerg Ground Armor Level 1, Zerg Melee Weapons Level 1  
  54  5:46  Drone  
  54  5:47  Drone  
  56  5:56  Drone x5  
  61  6:00  Drone  
  62  6:05  Drone x4  
  62  6:08  Drone x2  
  68  6:19  Drone  
  68  6:20  Drone x5  
  74  6:29  Overlord x2  
  74  6:32  Overlord  
  74  6:39  Extractor  
  73  6:40  Drone x2, Extractor  
  73  6:42  Overlord x3  
  73  6:46  Lair, Extractor  
  73  6:47  Drone x2  
  73  6:48  Drone  
  73  6:49  Drone  
  73  6:50  Drone x2  
  79  6:55  Baneling Nest  
  79  6:56  Spore Crawler, Drone x2  
  79  7:20  Drone  
  79  7:21  Drone x3  
  83  7:23  Drone  
  83  7:24  Drone x6  
  90  7:30  Zergling x6  
  90  7:33  Zergling x4  
  95  7:38  Baneling  
  95  7:39  Baneling x14  
  95  7:41  Zergling x2  
  96  7:47  Zergling x2  
  96  7:48  Zergling x6  
  100  7:52  Baneling  
  100  7:53  Baneling x5  
  100  7:54  Zergling x2  
  100  7:55  Zergling x2  
  100  7:56  Hatchery  
  101  8:03  Zergling x2  
  101  8:04  Zergling x6  
  106  8:11  Zergling x2  
  107  8:13  Zergling x2  
  96  8:32  Zergling x10  
  96  8:33  Zergling x2  
  88  8:35  Baneling  
  88  8:38  Zergling x2  
  89  8:41  Zergling x2  
  89  8:53  Baneling  
  89  8:54  Baneling x11  
  89  8:55  Zergling x4  
  89  9:02  Zergling x2  
  91  9:06  Zergling x2  
  91  9:08  Hatchery  
  91  9:12  Hatchery  
  91  9:13  Infestation Pit  
  91  9:15  Zergling x2  
  91  9:16  Zergling x2  
  91  9:24  Zergling x2  
  92  9:27  Zergling x2  
  87  9:50  Hatchery, Zergling x4  
  87  9:51  Zergling x12  
  92  9:54  Baneling x4  
Tags
 
Add a new tag
Caveats
  • Supply blocks, unpowered buildings, or Contaminate may cause inaccurate times.
  • Supply counts are checked every 10 seconds.